 Dungeon Crawl Stone Soup version 0.20.1-1-g8b1a95d (webtiles) character file.

32 vatarom the Caller (level 3, 0/27 HPs)
             Began as a Draconian Summoner on Sept 6, 2017.
             Succumbed to a goblin's poison
             ... on level 2 of the Dungeon on Sept 7, 2017.
             The game lasted 00:05:39 (1939 turns).

vatarom the Caller (Draconian Summoner)             Turns: 1939, Time: 00:05:40

Health: 0/27       AC:  5    Str: 10    XL:     3   Next: 10%
Magic:  6/6        EV: 11    Int: 16    God:
Gold:   83         SH:  4    Dex: 11    Spells: 0/6 levels left

rFire    . . .     SeeInvis .     - Unarmed
rCold    . . .     Gourm    .   d - +0 buckler
rNeg     . . .     Faith    .   (armour unavailable)
rPois    .         Spirit   .   (helmet restricted)
rElec    .         Reflect  .   (no cloak)
rCorr    .         Harm     .   (no gloves)
MR       .....                  (no boots)
Stlth    ++........             (no amulet)
Regen    0.1/turn               (no ring)
MPRegen  0.1/turn               (no ring)

@: lethally poisoned (0 -> -3)
A: unfitting armour, cold-blooded, AC +5
a: no special abilities


You were on level 2 of the Dungeon.
You were not hungry.

You visited 1 branch of the dungeon, and saw 2 of its levels.

You collected 83 gold pieces.

Inventory:

Hand Weapons
 i - a +1 whip of venom
Armour
 d - a +0 buckler (worn)
Scrolls
 e - a scroll of enchant armour {unknown}
 f - 2 scrolls of fog
Books
 a - a book of Callings

   Spells                             Type                      Level
   a - Summon Small Mammal            Summoning                    1
   b - Call Imp                       Summoning                    2
   c - Call Canine Familiar           Summoning                    3
   d - Summon Guardian Golem          Hexes/Summoning              3
   e - Summon Lightning Spire         Summoning/Air                4
   f - Summon Ice Beast               Ice/Summoning                4
Comestibles
 b - 3 bread rations
 c - a royal jelly
 g - 2 fruits
 h - 3 meat rations


   Skills:
 - Level 0.7 Fighting
 - Level 1.7 Dodging
 - Level 1.7 Stealth
 + Level 2.0 Shields
 - Level 1.3 Unarmed Combat
 - Level 2.0 Spellcasting
 - Level 4.0 Summonings


You couldn't memorise any spells.
You knew the following spells:

 Your Spells              Type           Power        Failure   Level  Hunger
a - Summon Small Mammal   Summ           ##..         4%          1    #......
b - Call Imp              Summ           ##......     8%          2    ###....
c - Call Canine Familiar  Summ           ##......     16%         3    ###....


Dungeon Overview and Level Annotations

Branches:
Dungeon (2/15)

Altars:


Innate Abilities, Weirdness & Mutations

Your plain brown scales are hard. (AC +5)
You cannot fit into any form of body armour.
You are cold-blooded and may be slowed by cold attacks.


Message History

* * * LOW HITPOINT WARNING * * *
You feel sick.
* * * LOW HITPOINT WARNING * * *
You feel sick.
* * * LOW HITPOINT WARNING * * *
You feel sick.
* * * LOW HITPOINT WARNING * * *
You feel sick.
* * * LOW HITPOINT WARNING * * *
You feel sick.
There is a stone staircase leading down here.
Your hound disappears in a puff of smoke!
* * * LOW HITPOINT WARNING * * *
You feel sick.
* * * LOW HITPOINT WARNING * * *
You feel sick.
* * * LOW HITPOINT WARNING * * *
You feel sick.
You aren't carrying any potions.
You die...

############
#####.........@#
........######.#
#####.#.# #.#
###.#.# #.#
#.....######.#
##....>.......#
#.......#####.#
#......## #.#
##......#


There were no monsters in sight!

Vanquished Creatures
  2 giant cockroaches (D:1)
  A goblin (D:2)
  2 hobgoblins
  A kobold (D:2)
  A ball python (D:1)
  2 bats (D:1)
  A frilled lizard (D:2)
  2 rats (D:1)
12 creatures vanquished.

Vanquished Creatures (collateral kills)
  2 adders (D:2)
  A worm (D:2)
  2 bats
  3 goblins
  2 hobgoblins
  A ball python (D:2)
  A frilled lizard (D:1)
  A kobold (D:2)
  3 rats
16 creatures vanquished.

Grand Total: 28 creatures vanquished

Notes
Turn   | Place    | Note
-------+----------+-------------------------------------------
     0 | D:1      | vatarom the Draconian Summoner began the quest for the Orb.
     0 | D:1      | Reached XP level 1. HP: 14/14 MP: 3/3
   125 | D:1      | Reached skill level 1 in Unarmed Combat
  1065 | D:1      | Reached XP level 2. HP: 22/22 MP: 1/5
  1433 | D:2      | Learned a level 2 spell: Call Imp
  1486 | D:2      | Reached skill level 1 in Shields
  1799 | D:2      | Reached XP level 3. HP: 27/27 MP: 2/6
  1842 | D:2      | Learned a level 3 spell: Call Canine Familiar
  1932 | D:2      | HP: 1/27 [poisoned by a goblin]
  1939 | D:2      | Succumbed to a goblin's poison

Skill      XL: |  1  2 |
---------------+-------+-----
Unarmed Combat | 1 |  1.3
Shields        | 2 |  2.0
Fighting       | |  0.7
Dodging        | |  1.7
Stealth        | |  1.7
Spellcasting   | |  2.0
Summonings     | |  4.0

Action                   || total
-------------------------++-------
Melee: Unarmed           ||    66
       Tailslap          ||     5
 Cast: Summon Small Mamm ||    16
       Call Imp          ||     9
       Call Canine Famil ||     2
  Use: Scroll            ||     4
       Potion            ||     4
 Stab: Sleeping          ||     3
  Eat: Royal jelly       ||     1
       Chunk             ||     1
       Bread ration      ||     1
Armor: Skin              ||    27
Dodge: Dodged            ||    63
Block: Buckler           ||     7
